 Dungeon Crawl Stone Soup version 0.20-a0-1073-g49e0d3e (webtiles) character file.

987 MirrMurr the Poker (level 8, -1/71 HPs)
             Began as a Hill Orc Monk on Apr 29, 2017.
             Killed from afar by a white imp (8 damage)
             ... with a puff of frost
             ... summoned by Eustachio
             ... on level 5 of the Dungeon.
             The game lasted 00:13:17 (7697 turns).

MirrMurr the Poker (Hill Orc Monk)                  Turns: 7697, Time: 00:13:18

Health: -1/71      AC:  9    Str: 16    XL:     8   Next: 18%
Magic:  8/8        EV:  8    Int: 10    God:
Gold:   291        SH:  0    Dex: 13    Spells: 7/7 levels left

rFire    . . .     SeeInvis .   a - +0 halberd
rCold    . . .     Gourm    .   (shield currently unavailable)
rNeg     . . .     Faith    .   u - +0 chain mail
rPois    .         Spirit   .   (no helmet)
rElec    .         Reflect  .   (no cloak)
rCorr    .         Harm     .   (no gloves)
MR       .....                  (no boots)
Stlth    ..........             (no amulet)
Regen    0.3/turn               (no ring)
MPRegen  0.2/turn               (no ring)

@: no status effects
A: no striking features
a: no special abilities


You were on level 5 of the Dungeon.
You were not hungry.

You visited 1 branch of the dungeon, and saw 5 of its levels.

You collected 291 gold pieces.

Inventory:

Hand Weapons
 a - a +0 halberd (weapon)
 b - a +0 hunting sling
Missiles
 j - 47 stones (quivered)
 w - a throwing net
Armour
 u - a +0 chain mail (worn)
Jewellery
 h - an uncursed ring of stealth {unknown}
 n - a cursed -3 ring of dexterity {unknown}
Scrolls
 e - a scroll of enchant weapon {unknown}
 g - a scroll of identify
 m - a scroll of teleportation
Potions
 f - a potion of brilliance
 l - a potion of heal wounds
 o - a potion of cancellation {natasha, unknown}
 p - a potion of magic {unknown}
 r - a potion of invisibility {unknown}
 s - 2 potions of lignification
 t - 3 potions of curing
Books
 k - a book of Conjurations

   Spells                             Type                      Level
   a - Magic Dart                     Conjuration                  1
   b - Searing Ray                    Conjuration                  2
   c - Dazzling Spray                 Conjuration/Hexes            3
   d - Fulminant Prism                Conjuration/Hexes            4
   e - Force Lance                    Conjuration/Translocation    4
   f - Iskenderun's Mystic Blast      Conjuration                  4
 q - a book of Burglary

   Spells                             Type                      Level
   a - Swiftness                      Charms/Air                   2
   b - Passwall                       Transmutation/Earth          2
   c - Passage of Golubria            Translocation                4
   d - Lee's Rapid Deconstruction     Earth                        5
   e - Darkness                       Hexes                        6
   f - Invisibility                   Hexes                        6
Comestibles
 c - 5 bread rations
 d - 2 royal jellies
 i - 2 meat rations
 v - 13 chunks of flesh


   Skills:
 + Level 6.5 Fighting
 * Level 7.9 Polearms
 + Level 4.6 Armour
 - Level 2.5 Dodging
 - Level 1.5 Stealth


You had 7 spell levels left.
You didn't know any spells.

Dungeon Overview and Level Annotations

Branches:
Dungeon (5/15)
 Temple: D:4-7

Altars:
Xom

Annotations:
D:5 Eustachio


Message History

Eustachio blinks!
The ufetubus hits you.
* * * LOW HITPOINT WARNING * * *
The ufetubus hits you.
* * * LOW HITPOINT WARNING * * *
The quokka barely misses you. The rat bites you but does no damage.
The bat hits you but does no damage. The white imp gestures at you.
The puff of frost hits you!
* * * LOW HITPOINT WARNING * * *
The ufetubus hits you but does no damage.
The ufetubus hits you.
* * * LOW HITPOINT WARNING * * *
The iron imp hits you!
* * * LOW HITPOINT WARNING * * *
Eustachio drinks a potion.
Eustachio is healed!
The quokka barely misses you. The bat closely misses you.
The bat hits you but does no damage. The white imp gestures at you.
The puff of frost hits you!
You die...

#....#...#...##.)).....
#@.8...8...8.##.รท)##...
####....#...#...##...###+#
.....#.###.###.......#
.........#...#...##........
#......8...8...8.###+###...
......)..5r......# .#
#.....#.5brr...... #
##.#####.5@.....>.[ #..
#(.......... . #.
#...##.....# .. #((.#
....$# .. #...# ......
#...# ..... ##... #### ###


You could see Eustachio, an iron imp, a white imp, an ufetubus, a quokka, a bat
and 2 rats.

Vanquished Creatures
  The ghost of sour the Covered, an amateur FoFi (D:4)
  Menkaure (D:4)
  The ghost of emsyzz the Firebug, an amateur DEFE (D:3)
  3 scorpions
  An orc wizard (D:3)
  An iguana (D:4)
  Natasha (thrice) (D:4)
  2 worker ants
  Robin (D:3)
  7 gnolls
  7 adders
  2 river rats (D:3)
  A shadow imp (D:5)
  3 worms
  2 dart slugs
  3 leopard geckos (D:3)
  5 orcs
  2 ball pythons (D:3)
  3 giant cockroaches
  14 goblins
  14 hobgoblins
  4 jackals (D:4)
  7 kobolds
  A quokka (D:3)
  7 bats
  5 frilled lizards
  A quokka skeleton (D:4)
  A quokka zombie (D:5)
  10 rats
113 creatures vanquished.

Notes
Turn   | Place    | Note
-------+----------+-------------------------------------------
     0 | D:1      | MirrMurr the Hill Orc Monk began the quest for the Orb.
     0 | D:1      | Reached XP level 1. HP: 19/19 MP: 1/1
   902 | D:1      | Reached XP level 2. HP: 27/27 MP: 2/2
  1470 | D:2      | Reached XP level 3. HP: 22/33 MP: 3/3
  1471 | D:2      | Reached skill level 4 in Polearms
  1917 | D:2      | Reached skill level 1 in Armour
  1926 | D:2      | Reached XP level 4. HP: 13/40 MP: 4/4
  2690 | D:3      | Noticed Robin
  2748 | D:3      | Noticed emsyzz's ghost (amateur DEFE)
  3091 | D:3      | Reached XP level 5. HP: 47/47 MP: 5/5
  3284 | D:3      | Reached skill level 5 in Polearms
  3342 | D:3      | Killed Robin
  3583 | D:3      | Killed emsyzz's ghost
  3583 | D:3      | Reached skill level 5 in Fighting
  3583 | D:3      | Reached XP level 6. HP: 8/56 MP: 6/6
  4166 | D:3      | Found a shimmering altar of Xom.
  4651 | D:4      | Reached skill level 6 in Polearms
  5089 | D:4      | Noticed Menkaure
  5101 | D:4      | Killed Menkaure
  5101 | D:4      | Reached XP level 7. HP: 5/61 MP: 7/7
  5160 | D:4      | Noticed sour's ghost (amateur FoFi)
  5431 | D:4      | Killed sour's ghost
  5431 | D:4      | Reached skill level 7 in Polearms
  6477 | D:4      | Noticed Natasha
  6484 | D:4      | Killed Natasha
  7065 | D:4      | Noticed Natasha
  7071 | D:4      | Killed Natasha
  7122 | D:4      | Noticed Natasha
  7136 | D:4      | Killed Natasha
  7210 | D:4      | Reached XP level 8. HP: 68/70 MP: 8/8
  7391 | D:5      | Entered Level 5 of the Dungeon
  7680 | D:5      | Noticed Eustachio
  7697 | D:5      | Killed from afar by a white imp

Vault maps used:
D:1:      dpeg_arrival_round_b, serial_forest, infiniplex_forest_diagonal,
          infiniplex_forest_lined_corner, infiniplex_forest_straight_2,
          infiniplex_forest_clump_double
D:3:      first_bread, serial_corexii_hall, corexii_hall_statues_u,
          corexii_hall_statues_s, corexii_hall_statues_u,
          corexii_hall_statues_u, gup_sewer_entry_spiral, tgw_xom, uniq_robin
D:4:      uniq_natasha, uniq_menkaure
D:5:      minmay_misc_feat_four_crosses, roderic_bipointed_swastika,
          uniq_eustachio

Skill      XL: |  1  2  3  4  5  6  7 |
---------------+----------------------+-----
Fighting       | 4 5 6 |  6.5
Polearms       | 4 5 6 7 |  7.9
Armour         | 1 2 3 4 |  4.6
Dodging        | |  2.5
Stealth        | |  1.5

Action                   |  1- 3 |  4- 6 |  7- 9 || total
-------------------------+-------+-------+-------++-------
Melee: Spear             |    85 |    19 |       ||   104
       Halberd           |       |   228 |    80 ||   308
 Fire: Hunting sling     |    43 |    89 |    43 ||   175
  Use: Scroll            |       |     4 |       ||     4
       Potion            |       |     2 |     1 ||     3
  Eat: Chunk             |     3 |    11 |     3 ||    17
       Meat ration       |       |       |     1 ||     1
Armor: Scale mail        |    24 |   100 |    17 ||   141
       Chain mail        |       |       |    54 ||    54
Dodge: Dodged            |    31 |   154 |    70 ||   255
